 Dungeon Crawl Stone Soup version 0.30-a0-390-g80c34de65d (webtiles) character file.

Game seed: 17071562944664387880

126 Conn the Firebug (level 5, 0/31 HPs)
             Began as an Octopode Fire Elementalist on Dec 4, 2022.
             Killed by divine providence
             ... invoked by an orc priest
              (16 damage)
             ... on level 3 of the Dungeon.
             The game lasted 00:05:19 (2121 turns).

Conn the Firebug (Octopode Fire Elementalist)       Turns: 2121, Time: 00:05:20

Health: 0/31       AC:  1    Str:  7    XL:     5   Next: 9%
Magic:  5/9        EV: 13    Int: 23    God:
Gold:   158        SH:  0    Dex: 12    Spells: 4/10 levels left

rFire   . . .      SeeInvis .    i - +8 hammer of the Riding Stork {vorpal, Int+3}
rCold   . . .      Faith    .    (no shield)
rNeg    . . .      Spirit   .    (helmet restricted)
rPois   .          Reflect  .    m - amulet of magic regeneration
rElec   .          Harm     .    (no ring)
rCorr   .          Rampage  .    (no ring)
Will    .....                    (no ring)
Stlth   +++.......               (no ring)
HPRegen 0.25/turn                (no ring)
MPRegen 0.51/turn                (no ring)
                                 (no ring)
                                 (no ring)

@: no status effects
A: almost no armour, amphibious, 8 rings, camouflage 1, gelatinous body 1,
(nimble swimmer 1), tentacles
a: no special abilities


You were on level 3 of the Dungeon.
You visited 1 branch of the dungeon, and saw 3 of its levels.

You collected 158 gold pieces.

Inventory:

Hand Weapons
 d - a +2 dagger of venom
 i - the +8 hammer of the Riding Stork (weapon) {vorpal, Int+3}
   (You found it on level 2 of the Dungeon)

   It inflicts extra damage upon your enemies.
   Int:       It affects your intelligence (+3).
Jewellery
 m - an amulet of magic regeneration (around mantle)
Scrolls
 b - a scroll of magic mapping
 g - a scroll of fear {unknown}
 h - a scroll of acquirement {unknown}
 j - a scroll of amnesia {unknown}
 k - a scroll of poison {unknown}
 l - a scroll of teleportation
Potions
 a - 2 potions of magic
 c - a potion of heal wounds {unknown}
 e - 2 potions of haste {unknown}
 f - 2 potions of might {unknown}
 n - a potion of curing {unknown}
 o - a potion of mutation {unknown}


   Skills:
 + Level 0.3 Short Blades
 + Level 0.2 Maces & Flails
 + Level 2.5 Dodging
 + Level 3.5 Stealth
 + Level 3.0 Spellcasting
 + Level 1.6 Conjurations
 + Level 4.0 Fire Magic


You had 4 spell levels left.
You knew the following spells:

 Your Spells              Type           Power      Damage    Failure   Level
a - Foxfire               Conj/Fire      64%        2x1d7     3%          1
b - Kindle Blastsparks    Fire/Tloc/Air  18%        2d11      21%         3
e - Scorch                Fire           44%        2d7       3%          2

Your spell library contained the following spells:

 Spells                   Type           Power      Damage    Failure   Level
 Inner Flame              Hex/Fire       12%        N/A       16%         3
 Stone Arrow              Conj/Erth      14%        3d7       26%         3
 Flame Wave               Conj/Fire      16%        2d7       36%         4
 Lehudib's Crystal Spear  Conj/Erth      3%         10d3      100%        8
 Animate Armour           Summ/Erth      Unusable   N/A       N/A         4

Dungeon Overview and Level Annotations

Branches:
Dungeon (3/15)

Altars:


Innate Abilities, Weirdness & Mutations

You cannot wear most types of armour.
You are amphibious.
You can wear up to eight rings at the same time.
Your skin changes colour to match your surroundings (Stealth+).
Your rubbery body absorbs attacks. (AC +1, EV +1)
((You are camouflaged when in or above water. (Stealth+)))
You have tentacles for arms and can constrict up to eight enemies at once.


Message History

Confirm with . or Enter, or press ? or * to list all spells.
You conjure some foxfire!
The foxfire hits the orc.
You kill the orc!
The foxfire hits the orc.
The orc is almost dead.
An orc priest comes into view.
It is wielding a +1 dagger of electrocution.
Casting: Foxfire (safe; 3% risk of failure)
Confirm with . or Enter, or press ? or * to list all spells.
You conjure some foxfire!
The foxfire hits the orc.
You kill the orc!
The orc priest calls down the wrath of Beogh upon you.
Beogh smites you!
Ouch! That really hurt!
Your Fire Magic skill increases to level 4!
Casting: Foxfire (safe; 3% risk of failure)
Confirm with . or Enter, or press ? or * to list all spells.
You conjure some foxfire!
The foxfire hits the orc but does no damage.
The foxfire hits the orc.
The orc is almost dead.
The foxfire hits the orc but does no damage.
The orc is almost dead.
Casting: Foxfire (safe; 3% risk of failure)
Confirm with . or Enter, or press ? or * to list all spells.
You conjure some foxfire!
The foxfire hits the orc but does no damage.
The orc is almost dead.
The foxfire hits the orc but does no damage.
The orc is almost dead.
Casting: Foxfire (safe; 3% risk of failure)
Confirm with . or Enter, or press ? or * to list all spells.
You conjure some foxfire!
The foxfire hits the orc but does no damage.
The orc is almost dead.
The foxfire hits the orc but does no damage.
The orc is almost dead.
The orc priest mumbles some strange prayers to Beogh against you.
Beogh smites you!
Ouch! That really hurt!
You die...

###.... #. #...... ###.#
#< # ##.##).. ....
...##..##.#. .#
#.))#####.#.#..###.#.
...#...o...........#..#.
#.........##..>.........
.....§vo................
#....§v@..##............
###...§§...............#
#.#.....#............. #
######..............
#........##......
##.####.##...>.#######.
...............# #.
....###†).....<# #. ..
#........# ##


You could see an orc priest and an orc (ally target).

Vanquished Creatures
  Crazy Yiuf (D:2)
  2 adders (D:2)
  3 worms
  A dart slug (D:2)
  7 orcs
  4 ball pythons
  8 endoplasms
  A giant cockroach (D:2)
  5 goblins
  5 hobgoblins
  3 jackals (D:2)
  4 quokkas
  5 bats
  4 frilled lizards
  A kobold (D:3)
  4 rats
58 creatures vanquished.

Vanquished Creatures (others)
  174 foxfires
  2 fungi (D:2)
176 creatures vanquished.

Grand Total: 234 creatures vanquished

Notes
Turn   | Place    | Note
-------+----------+-------------------------------------------
     0 | D:1      | Conn the Octopode Fire Elementalist began the quest for the
                  | Orb.
     0 | D:1      | Reached XP level 1. HP: 11/11 MP: 3/3
   117 | D:1      | Reached XP level 2. HP: 17/17 MP: 0/5
   752 | D:2      | Reached XP level 3. HP: 21/21 MP: 2/6
  1028 | D:2      | Found the +6 lightning scales {swift, rElec}
  1076 | D:2      | Found a faded altar of an unknown god.
  1158 | D:2      | Reached XP level 4. HP: 27/27 MP: 0/8
  1563 | D:2      | Found a runed translucent door.
  1564 | D:2      | Noticed Crazy Yiuf
  1570 | D:2      | Learned a level 2 spell: Scorch
  1574 | D:2      | Learned a level 3 spell: Kindle Blastsparks
  1634 | D:2      | Killed Crazy Yiuf
  1650 | D:2      | Identified the +8 hammer of the Riding Stork {vorpal,
                  | Int+3}
  2021 | D:3      | Reached XP level 5. HP: 31/31 MP: 6/9
  2119 | D:3      | Reached skill level 4 in Fire Magic
  2121 | D:3      | Killed from afar by an orc priest

Illustrated notes

Levels and vault maps discovered:
D:1:      psy_arrival_statuary, layout_rooms, st_stairs_8
D:2:      layout_basic, chequers_ecumenical_altar_simple, minmay_pentomino_s2,
          uniq_crazy_yiuf_cottage
D:3:      layout_rooms, nicolae_hepliaklqana_hazy_memory

Skill      XL: |  1  2  3  4  5 |
---------------+----------------+-----
Stealth        | 3 |  3.5
Spellcasting   | 3 |  3.0
Fire Magic     | 4 |  4.0
Short Blades   | |  0.3
Maces & Flails | |  0.2
Dodging        | |  2.5
Conjurations   | |  1.6

Action                   |  1- 3 |  4- 6 || total
-------------------------+-------+-------++-------
Melee: Constrict         |     4 |     5 ||     9
       Tentacles         |     2 |     1 ||     3
       Unarmed           |     1 |       ||     1
       Dagger            |    10 |     5 ||    15
       Mace              |       |     9 ||     9
 Cast: Foxfire           |    53 |    48 ||   101
       Scorch            |       |     1 ||     1
  Use: Scroll            |       |     4 ||     4
 Stab: Sleeping          |     3 |     5 ||     8
Armor: Skin              |     3 |       ||     3
Dodge: Dodged            |     5 |     5 ||    10

Table legend: (Time is in decaauts)
 A = Elapsed time spent in this place.
 B = Non-inter-level travel time spent in this place.
 C = Inter-level travel time spent in this place.
 D = Time resting spent in this place.
 E = Time spent auto-exploring this place.
 F = Levels seen in this place.
 G = Mean time per level.
                   A        B        C        D        E       F      G
               +--------+--------+--------+--------+--------+-----+--------+
         Total |   2123 |   2096 |     27 |      0 |   1522 |   3 |  707.7 |
       Dungeon |   2123 |   2096 |     27 |      0 |   1522 |   3 |  707.7 |
               +--------+--------+--------+--------+--------+-----+--------+

Top non-repeatable levels by time:
     D:2: 1217 daAuts
     D:1: 745 daAuts
     D:3: 159 daAuts
